 Dungeon Crawl Stone Soup version 0.28.0-1-gb440e238dd (webtiles) character file.

Game seed: 416988265491219494

20863 spaghetti the Spry (level 12, 0/81 HPs)
             Began as a Demonspawn Delver on Feb 19, 2022.
             Was an Elder of Uskayaw.
             Slain by a death yak (21 damage)
             ... on level 3 of the Lair of Beasts.
             The game lasted 00:17:44 (13327 turns).

spaghetti the Spry (Demonspawn Delver)             Turns: 13327, Time: 00:17:45

Health: 0/81       AC: 10    Str: 26    XL:     12   Next: 49%
Magic:  13/13      EV: 35    Int: 12    God:    Uskayaw [****..]
Gold:   600        SH:  0    Dex: 21    Spells: 11/11 levels left

rFire   . . .      SeeInvis .   s - +3 short sword of Odabuxup {spect, Contam rC+ Str+5}
rCold   + . .      Faith    +   (no shield)
rNeg    . . .      Spirit   .   C - +0 acid dragon scales
rPois   .          Reflect  .   t - +2 hat {Stlth+}
rElec   .          Harm     .   y - +0 cloak
rCorr   +          Rampage  .   (no gloves)
Will    .....                   (no boots)
Stlth   ++++++....              q - amulet of faith
HPRegen 1.23/turn               e - +4 ring of evasion
MPRegen 0.13/turn               H - +6 ring of strength

@: agile, studying Short Blades
A: repulsion field 2, powered by death 1, powered by pain 1, weakness stinger 1,
thin skeletal structure 1, high MP 1, shaggy fur 1, strong 1
a: Renounce Religion, Stomp, Line Pass


You were on level 3 of the Lair of Beasts.
You worshipped Uskayaw.
Uskayaw was noncommittal.
You visited 3 branches of the dungeon, and saw 12 of its levels.

You collected 1410 gold pieces.
You spent 810 gold pieces at shops.

Inventory:

Hand Weapons
 a - a +1 short sword of venom
 s - the +3 short sword of Odabuxup (weapon) {spect, Contam rC+ Str+5}
   (You bought it in a shop on level 3 of the Dungeon)

   When its wielder attacks, the weapon's spirit leaps out and strikes again.
   The spirit shares a part of any damage it takes with its wielder.
   Str:       It affects your strength (+5).
   rC:        It protects you from cold.
   Contam:    It causes magical contamination when unequipped.
Missiles
 z - a throwing net (quivered)
Armour
 b - a +0 leather armour
 t - a +2 hat of stealth (worn)
 y - a +0 cloak (worn)
 C - +0 acid dragon scales (worn)
Jewellery
 d - a +6 ring of intelligence
 e - a +4 ring of evasion (left hand)
 l - a ring of poison resistance
 p - a ring of resist corrosion
 q - an amulet of faith (around neck)
 r - a ring of fire
 w - a ring of protection from fire
 H - a +6 ring of strength (right hand)
Wands
 g - a wand of digging (3)
 j - a wand of iceblast (3)
 E - a wand of polymorph (4)
 I - a wand of acid (6)
 K - a wand of flame (6)
 M - a wand of paralysis (6)
Scrolls
 c - 3 scrolls of fog
 h - 3 scrolls of immolation
 i - 2 scrolls of magic mapping
 m - 2 scrolls of teleportation
 u - 2 scrolls of amnesia
 v - a scroll of noise
 B - 3 scrolls of identify
 D - 2 scrolls of enchant armour
 G - 3 scrolls of enchant weapon
Potions
 f - 3 potions of haste
 k - 3 potions of curing
 n - 4 potions of heal wounds {unknown}
 o - 2 potions of berserk rage {unknown}
 x - 4 potions of attraction {unknown}
 A - a potion of flight {unknown}
 F - a potion of resistance {unknown}
 J - a potion of magic {unknown}
 L - a potion of might


   Skills:
 - Level 3.0 Fighting
 - Level 12.0 Short Blades
 + Level 15.4 Dodging
 - Level 10.0 Stealth


You had 11 spell levels left.
You didn't know any spells.
Your spell library contained the following spells:

 Spells                   Type           Power      Damage    Failure   Level
 Blink                    Tloc           0%         N/A       52%         2
 Gell's Gravitas          Tloc           0%         N/A       77%         3
 Lesser Beckoning         Tloc           0%         N/A       77%         3
 Ozocubu's Armour         Ice            0%         N/A       77%         3
 Teleport Other           Tloc           0%         N/A       77%         3
 Manifold Assault         Tloc           0%         N/A       100%        5
 Ozocubu's Refrigeration  Ice            0%         4d5       100%        7


Dungeon Overview and Level Annotations

Branches:
Dungeon (8/15)             Temple (1/1) D:4            Lair (3/6) D:8
  Swamp: Lair:2-4    Shoals: Lair:2-4     Snake: Lair:2-4    Spider: Lair:2-4

Altars:
Ashenzari
Cheibriados
Dithmenos
Elyvilon
Fedhas
Gozag
Hepliaklqana
Kikubaaqudgha
Makhleb
Nemelex Xobeh
Okawaru
Qazlal
Ru
Sif Muna
Trog
Uskayaw
Vehumet
Wu Jian
Xom
Yredelemnul
Zin
Ignis

Shops:
D:3 (   D:4 *   D:7 *


Innate Abilities, Weirdness & Mutations

You are surrounded by a moderate repulsion field. (EV +3)
You regenerate a little health from kills.
You sometimes gain a little power by taking damage.
You have a small tail.
You have a somewhat thin skeletal structure. (Dex +2, Stealth+)
You have an increased reservoir of magic. (+10% MP)
You are covered in fur. (AC +1)
Your muscles are strong. (Str +2)


Message History

You can now pass through a line of other dancers.
You hit the death yak.
You tail-slap the death yak, but do no damage.
The death yak is severely wounded.
Your +3 short sword of Odabuxup {spect, Contam rC+ Str+5} hits the death yak!
Okay, then.
You catch the helpless death yak completely off-guard!
You impale the death yak!!
You kill the death yak!
The death yak gores you but does no damage.
The death yak misses you.
You hit the death yak but do no damage.
You tail-slap the death yak, but do no damage.
Your +3 short sword of Odabuxup {spect, Contam rC+ Str+5} hits the death yak.
You hit the death yak. You tail-slap the death yak!
The death yak is lightly wounded.
Your +3 short sword of Odabuxup {spect, Contam rC+ Str+5} hits the death yak.
The death yak barely misses you. The death yak completely misses you. x3
Uskayaw will force your foes to helplessly watch your dance.
You puncture the death yak!
The death yak is moderately wounded.
Your +3 short sword of Odabuxup {spect, Contam rC+ Str+5} hits the death yak but does no damage.
Uskayaw prepares the audience for your solo!
The helpless death yak fails to defend itself.
You perforate the death yak like a sieve!!!!
You kill the death yak!
The death yak is no longer paralysed. x3; The death yak gores you!
The death yak completely misses you. x2
Uskayaw will force your foes to share their pain.
Uskayaw links your audience in an emotional bond!
You hit the death yak but do no damage.
You tail-slap the death yak, but do no damage.
Your +3 short sword of Odabuxup {spect, Contam rC+ Str+5} hits the death yak!
You hit the death yak.
The death yak is moderately wounded.
Your +3 short sword of Odabuxup {spect, Contam rC+ Str+5} hits the death yak but does no damage.
The death yak barely misses you. The death yak gores you!
* * * LOW HITPOINT WARNING * * *
The death yak gores you!!
You die...

# ####.P..## ###.P#
## #...#.# #..+.##.##
#####..## #........#
#.P.#.+.#
#........####.......#
#..........#........#
#........#..+.......[
#..Y†Y..?..##........
#..§@Y.....##........
#....(.....##.......#
#)........###.......#
##..##.+.## #####.###
######.## ## #....
##...# ###.##.#+.
###....###..........
##.##...#.+..........
#.......P.#..........


You could see 3 death yaks and a friendly +3 short sword of Odabuxup {spect,
Contam rC+ Str+5} (summoned).

Vanquished Creatures
  Harold (D:8)
  Erica (Lair:2)
  2 death yaks (Lair:3)
  Nergalle (Lair:2)
  2 lindwurms (Lair:2)
  4 black mambas
  Joseph (Lair:1)
  5 cane toads
  A rime drake (Lair:2)
  3 komodo dragons
  A polar bear (Lair:3)
  2 hornets (Lair:2)
  4 blink frogs (Lair:3)
  5 wyverns
  26 yaks
  A basilisk (Lair:1)
  14 water moccasins
  2 acid dragons (D:8)
  An orc warrior (D:8)
  4 black bears
  A necrophage (D:7)
  2 ogres (D:6)
  3 ice beasts
  12 wolves
  4 centaurs
  A phantom (D:4)
  20 bullfrogs
  3 scorpions
  A gnoll sergeant (D:8)
  2 water moccasin skeletons (D:6)
  5 wights (D:6)
  A howler monkey (D:8)
  2 bullfrog zombies (D:6)
  2 hounds
  3 centaur zombies
  4 jellies
  4 orc priests
  Crazy Yiuf (D:7)
  4 iguanas
  9 orc wizards
  5 hell rats (Lair:2)
  2 killer bee zombies
  A hound zombie (D:5)
  A hound skeleton (D:4)
  2 howler monkey zombies
  3 howler monkey skeletons
  4 gnolls
  6 adders
  A shadow imp (D:7)
  A white imp (D:6)
  2 ufetubi (D:6)
  2 worms (D:2)
  A dart slug (D:2)
  24 orcs
  5 ball pythons
  7 endoplasms
  5 giant cockroaches
  2 goblins
  11 hobgoblins
  9 jackals
  4 quokkas
  4 bats
  3 frilled lizards
  A jackal skeleton (D:4)
  9 kobolds
  10 rats
290 creatures vanquished.

Vanquished Creatures (others)
  9 fungi
  17 plants
26 creatures vanquished.

Grand Total: 316 creatures vanquished

Notes
Turn   | Place    | Note
-------+----------+-------------------------------------------
     0 | D:5      | spaghetti the Demonspawn Delver began the quest for the
                  | Orb.
     0 | D:5      | Reached XP level 1. HP: 18/18 MP: 1/1
     1 | D:6      | Noticed a scorpion
     1 | D:6      | Noticed a jelly
     1 | D:6      | Noticed an ice beast
    13 | D:5      | Noticed an iguana
    24 | D:5      | Noticed a water moccasin
   279 | D:4      | Found a staircase to the Ecumenical Temple.
   290 | D:4      | Reached skill level 5 in Stealth
   290 | D:4      | Gained mutation: You regenerate a little health from kills.
                  | [demonic ancestry]
   290 | D:4      | Reached XP level 2. HP: 19/24 MP: 2/2
   296 | Temple   | Entered the Ecumenical Temple
   405 | Temple   | Prayed at the altar of an unknown god.
   405 | Temple   | Became a worshipper of Uskayaw the Reveller
   405 | Temple   | Reached * piety under Uskayaw
   510 | D:4      | Noticed a scorpion
   628 | D:4      | Reached ** piety under Uskayaw
   998 | D:3      | Found Latiweer's Weapon Shoppe.
  1001 | D:3      | Reached XP level 3. HP: 20/29 MP: 3/3
  1273 | D:4      | Noticed a phantom
  1472 | D:3      | Gained mutation: You are surrounded by a mild repulsion
                  | field. (EV +2) [demonic ancestry]
  1472 | D:3      | Reached XP level 4. HP: 10/35 MP: 4/4
  1874 | D:3      | Reached *** piety under Uskayaw
  2704 | D:3      | Reached skill level 2 in Dodging
  2850 | D:2      | Gained mutation: You have a small tail. [demonic ancestry]
  2850 | D:2      | Reached XP level 5. HP: 41/41 MP: 5/5
  3698 | D:1      | Found a faded altar of an unknown god.
  4421 | D:4      | Killed a phantom
  4422 | D:4      | Reached skill level 3 in Dodging
  4422 | D:4      | Gained mutation: You are surrounded by a moderate repulsion
                  | field. (EV +3) [demonic ancestry]
  4422 | D:4      | Reached XP level 6. HP: 22/47 MP: 6/6
  4637 | D:4      | Found a hide-covered altar of Uskayaw.
  4771 | D:4      | Found Efaamnet's General Store.
  4808 | D:4      | Found an ancient bone altar of Kikubaaqudgha.
  4917 | D:4      | Found a shadowy altar of Dithmenos.
  5031 | D:5      | Reached skill level 4 in Dodging
  5038 | D:5      | Reached **** piety under Uskayaw
  5039 | D:5      | Reached XP level 7. HP: 31/52 MP: 7/7
  5341 | D:5      | Found a broken altar of Ashenzari.
  5509 | D:5      | Gained mutation: Your muscles are strong. (Str +2) [potion
                  | of mutation]
  5509 | D:5      | Gained mutation: You are covered in fur. (AC +1) [potion of
                  | mutation]
  5509 | D:5      | Gained mutation: You have an increased reservoir of magic.
                  | (+10% MP) [potion of mutation]
  5509 | D:5      | Gained mutation: You have a somewhat thin skeletal
                  | structure. (Dex +2, Stealth+) [potion of mutation]
  5699 | D:5      | Reached skill level 5 in Dodging
  5813 | D:5      | Found a burning altar of Makhleb.
  5984 | D:5      | Reached XP level 8. HP: 26/58 MP: 8/8
  6573 | D:6      | Found a basalt altar of Yredelemnul.
  6689 | D:6      | Reached skill level 6 in Dodging
  6694 | D:6      | Identified a scroll of acquirement
  6694 | D:6      | Acquired 723 gold pieces
  6830 | D:3      | Bought the +3 short sword of Odabuxup {spect, Contam rC+
                  | Str+5} for 579 gold pieces
  6883 | D:4      | Bought a +2 hat of stealth for 231 gold pieces
  7031 | D:6      | Reached ***** piety under Uskayaw
  7552 | D:6      | Reached skill level 7 in Dodging
  7552 | D:6      | Reached skill level 10 in Stealth
  7704 | D:6      | Gained mutation: You sometimes gain a little power by
                  | taking damage. [demonic ancestry]
  7704 | D:6      | Reached XP level 9. HP: 63/63 MP: 9/9
  7916 | D:7      | Identified the +9 mace of Harmony {protect, rF+ rC+ rN+
                  | Will-}
  7917 | D:7      | Found a runed translucent door.
  7920 | D:7      | Noticed Crazy Yiuf
  7981 | D:7      | Reached skill level 5 in Short Blades
  8147 | D:7      | Found a sacrificial altar of Ru.
  8248 | D:7      | Found Yqye's Serpentskin Sales.
  8447 | D:7      | Killed Crazy Yiuf
  8448 | D:7      | Identified the +8 mace "Zewnejutua" {freeze, rF++}
  8479 | D:8      | Found a staircase to the Lair.
  9011 | D:6      | HP: 1/63 [yak (12)]
  9358 | D:7      | Reached skill level 10 in Short Blades
  9501 | D:8      | Reached XP level 10. HP: 40/70 MP: 11/11
  9644 | D:8      | Noticed Harold
  9899 | D:8      | Killed Harold
 10083 | D:8      | Reached skill level 8 in Dodging
 10111 | D:8      | Found an ornate altar of the Wu Jian Council.
 10193 | D:8      | Reached ****** piety under Uskayaw
 10200 | D:8      | Reached skill level 9 in Dodging
 10841 | Lair:1   | Entered Level 1 of the Lair of Beasts
 10870 | Lair:1   | Noticed a black mamba
 10872 | Lair:1   | Killed a black mamba
 10954 | Lair:1   | Reached skill level 10 in Dodging
 10972 | Lair:1   | Noticed a black mamba
 10984 | Lair:1   | Killed a black mamba
 11139 | Lair:1   | Reached XP level 11. HP: 75/75 MP: 12/12
 11228 | Lair:1   | Reached skill level 11 in Dodging
 11321 | Lair:1   | Noticed Joseph
 11324 | Lair:1   | Killed Joseph
 11810 | Lair:2   | Reached skill level 12 in Dodging
 11870 | Lair:2   | Noticed a lindwurm
 11874 | Lair:2   | Found the +9 sword of Zonguldrok {reap}
 11877 | Lair:2   | Killed a lindwurm
 11904 | Lair:2   | Noticed a lindwurm
 11912 | Lair:2   | Killed a lindwurm
 11982 | Lair:2   | Reached skill level 13 in Dodging
 12212 | Lair:2   | Noticed Erica
 12216 | Lair:2   | Killed Erica
 12249 | Lair:2   | Noticed Nergalle
 12252 | Lair:2   | Killed Nergalle
 12630 | Lair:3   | Reached XP level 12. HP: 81/81 MP: 13/13
 12641 | Lair:3   | Reached skill level 14 in Dodging
 13206 | Lair:3   | Reached skill level 15 in Dodging
 13307 | Lair:3   | Noticed a death yak
 13307 | Lair:3   | Noticed a death yak
 13309 | Lair:3   | Noticed a death yak
 13309 | Lair:3   | Noticed a death yak
 13309 | Lair:3   | Noticed a death yak
 13321 | Lair:3   | Killed a death yak
 13325 | Lair:3   | Killed a death yak
 13327 | Lair:3   | Slain by a death yak

Illustrated notes

Levels and vault maps discovered:
D:1:      ebering_trefoil_twist, layout_rooms,
          hellmonk_ecumenical_altar_pennies_from_heaven, serial_forest,
          infiniplex_forest_clump_curved, infiniplex_forest_lined_2,
          infiniplex_forest_clump_curved, infiniplex_forest_split,
          infiniplex_forest_lined_3, infiniplex_forest_zigzag_2,
          infiniplex_forest_lined_2
D:2:      layout_loops_cross, st_stairs_12, cheibrodos_gnoll_hut
D:3:      layout_basic, serial_shops, nicolae_shop_bloodbath_and_beyond,
          kennysheep_donut, minmay_bisected
D:4:      layout_loops_ring, mainiacjoe_overflow_swirl,
          nicolae_overflow_crystal_walls, minmay_temple_entry_mini_moons,
          serial_co_window_serial, co_window_paths_a, co_window_paths_a,
          co_window_paths_b, co_window_corner_a, co_window_paths_a,
          co_window_cross_4, co_window_2corner, co_window_corner_b,
          co_window_corner_ca, co_window_of_opportunity_b, co_window_2corner,
          glass_columns_b, glass_columns_b, glass_columns_a, glass_columns_a,
          glass_columns_a, serial_shops, nicolae_shop_hallway_stairs
D:5:      layout_loops_ring, amcnicky_altar_gilded, lemuel_crystal_altar,
          grunt_ministairs_2
D:6:      layout_basic, lemuel_crystal_altar, minmay_misc_feat_encased,
          minmay_manual_mail
D:7:      layout_basic, mainiacjoe_overflow_small_starburst,
          mainiacjoe_overflow_chevrons, minmay_strange_pillars, minmay_holes,
          minmay_misc_feat_nine_boxes, guppyfry_shop_venom,
          uniq_crazy_yiuf_cottage
D:8:      layout_loops_ring, nicolae_wu_jian_wuxing_cycle,
          minmay_lair_entry_grove, serial_rivers,
          chequers_serial_rivers_small_b, chequers_serial_rivers_room_a,
          chequers_serial_rivers_micro_c, chequers_serial_rivers_large_b,
          chequers_serial_rivers_small_b, chequers_serial_rivers_micro_d,
          minmay_fractal_squares_diagonal_5, uniq_harold
Temple:   ebering_untended_altars
Lair:1:   layout_roguey, lemuel_fruit_fields, lemuel_fruit_tree,
          serial_bayou_shore_b, uniq_joseph
Lair:2:   cheibrodos_lair_overgrown_chateau, layout_regular_city,
          chequers_serial_rivers_micro_c, uniq_nergalle, uniq_erica
Lair:3:   layout_roguey, spider_nest_entry_funnel_web, basic_altar,
          guppyfry_lair_drakes

Skill      XL: |  1  2  3  4  5  6  7  8  9 10 11 12 |
---------------+-------------------------------------+-----
Stealth        | 5 6 7 8 10 | 10.0
Dodging        | 2 3 4 5 7 10 13 15 | 15.4
Short Blades   | 3 11 12 | 12.0
Fighting       | |  3.0

Action                   |  1- 3 |  4- 6 |  7- 9 | 10-12 || total
-------------------------+-------+-------+-------+-------++-------
Melee: Short sword       |    83 |   256 |   250 |   385 ||   974
       Punch             |     1 |     3 |     2 |     6 ||    12
       Tailslap          |       |    29 |    43 |    68 ||   140
Throw: Boomerang         |       |       |     1 |       ||     1
Evoke: Wand              |     3 |     1 |     1 |       ||     5
  Use: Scroll            |     2 |     5 |     2 |     5 ||    14
       Potion            |       |     1 |     5 |       ||     6
 Stab: Sleeping          |     1 |    16 |    23 |    27 ||    67
       Paralysed         |       |     2 |     5 |    21 ||    28
       Distracted        |       |       |     3 |     8 ||    11
Armor: Leather armour    |    25 |    55 |    36 |     9 ||   125
       Skin              |       |       |    12 |       ||    12
       Acid dragon scale |       |       |       |    19 ||    19
Dodge: Dodged            |    35 |   224 |   188 |   300 ||   747
